[Event "20 ans"]
[Date "2016.10.27"]
[Round "1.2"]
[White "Bellahcene, Bilel"]
[Black "Vachier-Lagrave, Maxime"]
[Result "0-1"]
[WhiteElo "2366"]
[BlackElo "2795"]
[ECO "D85"]
[WhiteFed "FRA"]
[BlackFed "FRA"]
[FCGameId "-56384751"]
[TimeControl "900+3"]

1. d4 Nf6 2. c4 g6 3. Nc3 d5 4. cxd5 Nxd5 5. e4 Nxc3 6. bxc3 Bg7 7. Nf3 c5 8. Be3 Qa5 9. Qd2 Nc6 10. Rb1 cxd4 11. cxd4 O-O 12. Qxa5 Nxa5 13. d5 e6 14. Bd2 b6 15. Bxa5 bxa5 16. Bc4 exd5 17. Bxd5 Ba6 18. Bxa8 Rxa8 19. e5 Bf8 20. Rc1 Rd8 21. Rc2 Bb4+ 22. Nd2 a4 23. Kd1 Bd3 24. Nf3 Be4+ 0-1

[Event "20 ans"]
[Date "2016.10.27"]
[Round "1.2"]
[White "Deac, Bogdan-Daniel"]
[Black "Radjabov, Teimour"]
[Result "1/2-1/2"]
[WhiteElo "2443"]
[BlackElo "2788"]
[ECO "C63"]
[WhiteFed "ROU"]
[BlackFed "AZE"]
[FCGameId "1210380325"]
[TimeControl "900+3"]

1. e4 e5 2. Nf3 Nc6 3. Bb5 f5 4. Nc3 fxe4 5. Nxe4 Nf6 6. Qe2 d5 7. Nxf6+ gxf6 8. d4 e4 9. Nh4 Be6 10. c3 Qd7 11. Qh5+ Bf7 12. Qf5 Be6 13. Qh5+ Bf7 14. Qf5 Be6 1/2-1/2

[Event "20 ans"]
[Date "2016.10.27"]
[Round "1.2"]
[White "Azarov, Sergei"]
[Black "Hou, Yifan"]
[Result "0-1"]
[WhiteElo "2586"]
[BlackElo "2645"]
[ECO "B85"]
[WhiteFed "BLR"]
[BlackFed "CHN"]
[FCGameId "2119852590"]
[TimeControl "900+3"]

1. e4 c5 2. Nf3 e6 3. d4 cxd4 4. Nxd4 a6 5. Be2 Nf6 6. Nc3 Qc7 7. O-O d6 8. f4 Nbd7 9. a4 b6 10. Bf3 Bb7 11. Kh1 Be7 12. f5 e5 13. Nb3 Rc8 14. Bg5 Qb8 15. Qe2 O-O 16. Rad1 Rfe8 17. Nc1 h6 18. Bh4 d5 19. exd5 e4 20. Nxe4 Nxe4 21. Qxe4 Bf6 22. Qg4 Ne5 23. Qg3 Bxh4 24. Qxh4 Nxf3 25. Rxf3 Rxc2 26. Qd4 Qe5 27. Rfd3 Qxf5 28. h3 Re5 29. Rf3 Qg5 30. Qg1 Rxd5 31. Nd3 Rf5 32. Ne1 Bxf3 33. Nxf3 Rxf3 34. gxf3 Qe5 35. Re1 Qf4 36. Rf1 Rxb2 37. Rf2 Rxf2 38. Qxf2 b5 39. axb5 axb5 40. Kg2 b4 41. Qb6 Qd2+ 42. Kg3 Qc3 43. h4 b3 44. h5 b2 45. Qb5 0-1

[Event "20 ans"]
[Date "2016.10.27"]
[Round "1.2"]
[White "Antipov, Mikhail Al."]
[Black "Korobov, Anton"]
[Result "0-1"]
[WhiteElo "2617"]
[BlackElo "2714"]
[ECO "B90"]
[WhiteFed "RUS"]
[BlackFed "UKR"]
[FCGameId "-1977115804"]
[TimeControl "900+3"]

1. e4 c5 2. Nf3 d6 3. d4 cxd4 4. Nxd4 Nf6 5. Nc3 a6 6. h3 e6 7. g4 h6 8. Bg2 Be7 9. O-O O-O 10. b3 Nfd7 11. Bb2 Nc6 12. Nce2 Nde5 13. c4 Ng6 14. Nxc6 bxc6 15. f4 e5 16. f5 Nh4 17. Ng3 Bg5 18. Bc1 a5 19. Nh5 f6 20. Qd3 a4 21. Ba3 Qb6+ 22. c5 Qa6 23. Rfd1 Qxd3 24. Rxd3 axb3 25. Rxb3 Nxg2 26. Kxg2 d5 27. Kg3 dxe4 28. Rd1 e3 29. h4 e2 30. Re1 Bf4+ 31. Nxf4 exf4+ 32. Kxf4 Re8 33. Kf3 h5 34. Rxe2 hxg4+ 35. Kf2 Rxe2+ 36. Kxe2 Bxf5 37. Kf2 Be6 38. Re3 Bxa2 39. Kg3 Kf7 40. Kxg4 Be6+ 41. Kg3 Ra4 0-1

[Event "20 ans"]
[Date "2016.10.27"]
[Round "1.2"]
[White "Gledura, Benjamin"]
[Black "Moiseenko, Alexander"]
[Result "1/2-1/2"]
[WhiteElo "2565"]
[BlackElo "2651"]
[ECO "A05"]
[WhiteFed "HUN"]
[BlackFed "UKR"]
[FCGameId "-530173462"]
[TimeControl "900+3"]

1. Nf3 Nf6 2. g3 e6 3. Bg2 d5 4. O-O c5 5. d4 cxd4 6. Nxd4 e5 7. Nb3 Be6 8. Nc3 Be7 9. f4 exf4 10. gxf4 g6 11. Nd4 Nc6 12. Nxe6 fxe6 13. e3 O-O 14. Ne2 Bd6 15. c3 Qe7 16. Bd2 Rad8 17. Qc2 e5 18. Rae1 exf4 19. Nxf4 Kh8 20. Qb3 g5 21. Nxd5 Nxd5 22. Bxd5 Bxh2+ 23. Kxh2 Qe5+ 24. Kg2 Rxf1 25. c4 Rf2+ 26. Kxf2 Qh2+ 27. Kf3 Qxd2 28. Qc3+ Qxc3 29. bxc3 Kg7 30. e4 h5 31. e5 Rf8+ 32. Kg2 Re8 33. e6 Re7 34. c5 Nd8 35. c4 Kf6 36. Rf1+ Kg7 37. Re1 Kf6 38. Rf1+ Kg7 39. Rb1 Kf6 40. Rf1+ Kg7 41. Rf5 Nxe6 42. Kg1 Nxc5 43. Rxg5+ Kf6 44. Rxh5 Re2 45. Rh7 Rxa2 46. Bxb7 Nxb7 47. Rxb7 Ke5 48. Kf1 Kd4 49. Rc7 Rc2 50. Rxa7 Rxc4 51. Rd7+ Ke3 52. Re7+ Re4 53. Rxe4+ Kxe4  1/2-1/2

[Event "20 ans"]
[Date "2016.10.27"]
[Round "1.2"]
[White "Vocaturo, Daniele"]
[Black "Gharamian, Tigran"]
[Result "1-0"]
[WhiteElo "2606"]
[BlackElo "2638"]
[ECO "B12"]
[WhiteFed "ITA"]
[BlackFed "FRA"]
[FCGameId "-170898750"]
[TimeControl "900+3"]

1. e4 c6 2. d4 d5 3. e5 Bf5 4. Nf3 e6 5. Be2 Ne7 6. O-O c5 7. c4 Nbc6 8. dxc5 d4 9. Qa4 d3 10. Bd1 Ng6 11. b4 a5 12. b5 Ncxe5 13. c6 bxc6 14. bxc6 Bd6 15. c7+ Qd7 16. Ba3 Nxf3+ 17. gxf3 Qxa4 18. Bxa4+ Ke7 19. Rd1 Rhc8 20. Bc6 Ra7 21. c5 Be5 22. Nd2 Bxa1 23. Rxa1 Raxc7 24. Bb5 Nf4 25. Nb3 Kf6 26. Ba6 Ra8 27. Bb5 Ne2+ 28. Kf1 a4 29. Nd2 e5 30. f4 exf4 31. c6 Rac8 32. Bb2+ Kg6 33. Nf3 Kh5 34. Ne5 Re8 35. Bc4 Bh3+ 36. Ke1 f6 37. Bf7+ Rxf7 38. Nxf7 Nd4+ 39. Kd2 Nxc6 40. Kxd3 Bf5+ 41. Kc3 Ne5 42. Nd6 Rb8 43. Nxf5 g6 44. Nd4 Rc8+ 45. Kd2 Nc4+ 46. Kc1 Ne3+ 47. Kb1 Nc4 1-0

[Event "20 ans"]
[Date "2016.10.27"]
[Round "1.2"]
[White "Onischuk, Vladimir"]
[Black "Andriasian, Zaven"]
[Result "1-0"]
[WhiteElo "2720"]
[BlackElo "2611"]
[ECO "B92"]
[WhiteFed "UKR"]
[BlackFed "ARM"]
[FCGameId "830286091"]
[TimeControl "900+3"]

1. e4 c5 2. Nf3 d6 3. d4 cxd4 4. Nxd4 Nf6 5. Nc3 a6 6. Be2 g6 7. O-O Bg7 8. Re1 O-O 9. Bf1 Nc6 10. Nb3 Bg4 11. f3 Be6 12. Be3 Rc8 13. Bf2 Nd7 14. Rb1 Bxc3 15. bxc3 b5 16. Nd4 Nxd4 17. cxd4 Bc4 18. Bd3 Qa5 19. h4 Nf6 20. d5 Qa4 21. Rb2 h5 22. Qd2 Nd7 23. Qg5 Rfe8 24. f4 Qa3 25. Rb3 Bxb3 26. axb3 e5 27. f5 Kg7 28. Be3 Rh8 29. Qe7 Qa5 30. Rf1 Qd8 31. Qxd6 Re8 32. g3 Nf6 33. Qxa6 Ng4 34. Bg5 f6 35. Bd2 gxf5 36. Rxf5 Ra8 37. Qxb5 Ra1+ 38. Rf1 Rxf1+ 39. Kxf1 f5 40. exf5 e4 41. Be2 Rf8 42. Bc3+ Nf6 1-0

[Event "20 ans"]
[Date "2016.10.27"]
[Round "1"]
[White "Vachier-Lagrave, Maxime"]
[Black "Bellahcene, Bilel"]
[Result "1-0"]
[WhiteElo "2795"]
[BlackElo "2366"]
[ECO "C15"]
[WhiteFed "FRA"]
[BlackFed "FRA"]
[FCGameId "-1391190064"]
[TimeControl "900+3"]

1. e4 e6 2. d4 d5 3. Nc3 Bb4 4. exd5 exd5 5. Bd3 c6 6. Nf3 Ne7 7. O-O Bf5 8. Bxf5 Nxf5 9. Re1+ Ne7 10. Qd3 Nd7 11. a3 Bd6 12. Ne2 O-O 13. Bf4 Bxf4 14. Nxf4 Ng6 15. Nxg6 hxg6 16. Re3 Nf6 17. Rae1 Ne4 18. Ne5 Re8 19. c4 Re6 20. Qb3 Rb8 21. cxd5 Qxd5 22. Qa4 Nd6 23. Qxa7 Rbe8 24. Nf3 f6 25. Rxe6 Rxe6 26. Qb8+ Kh7 27. Rxe6 Qxe6 28. h3 Qd7 29. a4 Nc4 30. b3 Nb6 31. Qf4 Kg8 32. h4 Nd5 33. Qe4 Kf7 34. Nd2 Qd6 35. Nc4 Qb4 36. g3 Ne7 37. Qf3 Qe1+ 38. Kg2 Nf5 39. d5 Nd4 40. Qg4 cxd5 41. Qxd4 dxc4 42. Qxc4+ Ke7 43. Qc7+ 1-0

[Event "20 ans"]
[Date "2016.10.27"]
[Round "1"]
[White "Anand, Viswanathan"]
[Black "Leenhouts, Koen"]
[Result "1-0"]
[WhiteElo "2802"]
[BlackElo "2499"]
[ECO "B48"]
[WhiteFed "IND"]
[BlackFed "NED"]
[FCGameId "828680449"]
[TimeControl "900+3"]

1. e4 c5 2. Nf3 e6 3. d4 cxd4 4. Nxd4 Nc6 5. Nc3 Qc7 6. Be3 a6 7. Qf3 d6 8. Nxc6 bxc6 9. O-O-O Nf6 10. Qg3 Nh5 11. Qh4 Nf6 12. g4 Be7 13. g5 Nd7 14. f4 Rb8 15. Qg3 d5 16. f5 Bd6 17. Qh3 Ne5 18. f6 g6 19. Qg2 Qa5 20. Bd2 Qb4 21. b3 Qa3+ 22. Kb1 d4 23. h4 dxc3 24. Bxc3 O-O 25. Qg3 Nc4 26. e5 Bxe5 27. Bxe5 Nxe5 28. Qxe5 Bb7 29. h5 c5 30. hxg6 Bxh1 31. Qh2 fxg6 32. Rd7 h5 33. Rg7+ Kh8 34. Qxh1 Rbd8 35. Be2 Qa5 36. Bxh5 gxh5 37. Qxh5# 1-0

[Event "20 ans"]
[Date "2016.10.27"]
[Round "1"]
[White "Radjabov, Teimour"]
[Black "Deac, Bogdan-Daniel"]
[Result "1/2-1/2"]
[WhiteElo "2788"]
[BlackElo "2443"]
[ECO "A05"]
[WhiteFed "AZE"]
[BlackFed "ROU"]
[FCGameId "536703444"]
[TimeControl "900+3"]

1. Nf3 Nf6 2. g3 g6 3. b3 d6 4. Bb2 Bg7 5. Bg2 e5 6. c4 c5 7. Nc3 Nc6 8. d3 O-O 9. Nd2 Be6 10. Nde4 h6 11. Qd2 Ne8 12. Nd5 Ne7 13. Nec3 Nxd5 14. Nxd5 Nc7 15. Nc3 d5 16. cxd5 Nxd5 17. O-O Rc8 18. Rfc1 b6 19. a3 Ne7 20. b4 c4 21. Rd1 cxd3 22. Qxd3 Qxd3 23. Rxd3 Rfd8 24. Rxd8+ Rxd8 25. Rd1 Rxd1+ 26. Nxd1 Nf5 27. e4 Nd6 28. Ne3 Nc4 29. Bc1 Kf8 30. Bf1 Nxe3 31. Bxe3 Ke7 32. f3 Kd6 33. Kf2 Kc6 34. Ke1 Bf8 35. Kd2 a5 36. Kc3 axb4+ 37. axb4 b5 38. Bd3 h5 39. Be2 Be7 40. Bd3 f6 41. Bf1 Bd6 42. Bg2 Bc7 43. Bc5 Bd6 44. Be3 Bc7 45. f4 Bf7 46. h4 Bb6 47. Kd2 Bxe3+ 48. Kxe3 Kd6 49. Bh3 Be6 50. f5 gxf5 51. exf5 Bc4 52. g4 hxg4 53. Bxg4 Ke7 54. Bf3 Kf7 55. Bh5+ Kg7 56. Be8 Kh6 57. Ke4 Kg7 58. Ke3 Kh6 59. Ke4 Kg7 60. Ke3 Kh6 61. Ke4 1/2-1/2

[Event "20 ans"]
[Date "2016.10.27"]
[Round "1"]
[White "Hou, Yifan"]
[Black "Azarov, Sergei"]
[Result "0-1"]
[WhiteElo "2645"]
[BlackElo "2586"]
[ECO "C50"]
[WhiteFed "CHN"]
[BlackFed "BLR"]
[FCGameId "-431036063"]
[TimeControl "900+3"]

1. e4 e5 2. Nf3 Nc6 3. Bc4 Bc5 4. O-O d6 5. c3 Nf6 6. d3 a6 7. a4 Ba7 8. Re1 h6 9. Nbd2 O-O 10. h3 Be6 11. b4 d5 12. exd5 Nxd5 13. Ne4 Re8 14. Bd2 Nf6 15. Qb3 Nxe4 16. dxe4 Qf6 17. Kh2 Rad8 18. Bd5 Bxd5 19. exd5 e4 20. dxc6 exf3 21. Rxe8+ Rxe8 22. Be3 Bxe3 23. fxe3 Qe5+ 24. Kh1 fxg2+ 25. Kxg2 Qg5+ 26. Kh2 Rxe3 27. Qc2 Qe5+ 28. Kg1 Re2 29. Qxe2 Qxe2 30. cxb7 Qe3+ 31. Kh2 Qf2+ 0-1

[Event "20 ans"]
[Date "2016.10.27"]
[Round "1"]
[White "Korobov, Anton"]
[Black "Antipov, Mikhail Al."]
[Result "1-0"]
[WhiteElo "2714"]
[BlackElo "2617"]
[ECO "E32"]
[WhiteFed "UKR"]
[BlackFed "RUS"]
[FCGameId "-942108317"]
[TimeControl "900+3"]

1. d4 Nf6 2. c4 e6 3. Nc3 Bb4 4. Qc2 d6 5. Bg5 Nbd7 6. e3 c5 7. Bd3 b5 8. Ne2 h6 9. Bxf6 Nxf6 10. cxb5 Bb7 11. O-O Rc8 12. a3 Bxc3 13. Nxc3 cxd4 14. exd4 Qb6 15. Qa4 O-O 16. Rfe1 Rfd8 17. Qb4 Ba8 18. Bf1 e5 19. Rad1 e4 20. d5 Re8 21. Qd4 Qd8 22. Nxe4 Nxd5 23. Qxa7 Nf4 24. Ng3 h5 25. b6 h4 26. b7 Bxb7 27. Rxe8+ Qxe8 28. Qxb7 hxg3 29. hxg3 Ne6 30. Qe4 Rb8 31. b4 Qd7 32. Bc4 Nf8 33. Re1 Rc8 34. Bd5 Qa7 35. Qe7 1-0

[Event "20 ans"]
[Date "2016.10.27"]
[Round "1"]
[White "Moiseenko, Alexander"]
[Black "Gledura, Benjamin"]
[Result "1-0"]
[WhiteElo "2651"]
[BlackElo "2565"]
[ECO "A45"]
[WhiteFed "UKR"]
[BlackFed "HUN"]
[FCGameId "344313193"]
[TimeControl "900+3"]

1. d4 Nf6 2. Bg5 d5 3. e3 c5 4. Bxf6 gxf6 5. dxc5 Qa5+ 6. Nd2 e6 7. Nf3 Qb4 8. c4 Bxc5 9. cxd5 O-O 10. Qc2 Bd7 11. a3 Qa5 12. Bd3 Rc8 13. Qc4 Bf8 14. Qh4 f5 15. dxe6 fxe6 16. O-O Bg7 17. Nc4 Qd8 18. Qg3 Ba4 19. Nce5 Nc6 20. Bc4 Nxe5 21. Nxe5 Qe7 22. b3 Bc6 23. Rad1 Kh8 24. a4 Be8 25. Rd6 Rxc4 26. Nxc4 Bc6 27. Ne5 Bd5 28. Rd7 Qf6 29. f4 Rc8 30. h3 h5 31. Qg6 Qxg6 32. Nxg6+ Kh7 33. Ne7 1-0

[Event "20 ans"]
[Date "2016.10.27"]
[Round "1"]
[White "Gharamian, Tigran"]
[Black "Vocaturo, Daniele"]
[Result "1-0"]
[WhiteElo "2638"]
[BlackElo "2606"]
[ECO "C81"]
[WhiteFed "FRA"]
[BlackFed "ITA"]
[FCGameId "362332801"]
[TimeControl "900+3"]

1. e4 e5 2. Nf3 Nc6 3. Bb5 a6 4. Ba4 Nf6 5. O-O Nxe4 6. d4 b5 7. Bb3 d5 8. dxe5 Be6 9. Qe2 Bc5 10. Nbd2 Nxd2 11. Bxd2 O-O 12. Rad1 Bg4 13. Be3 Bxe3 14. Qxe3 d4 15. Qe4 Bxf3 16. gxf3 Na5 17. Rxd4 Qg5+ 18. Kh1 c5 19. Bxf7+ Kh8 20. Rd7 Nc4 21. Bxc4 bxc4 22. Rg1 Qh6 23. Rgxg7 Qxg7 24. Rxg7 Kxg7 25. f4 Rad8 26. c3 Kh8 27. Kg2 Rg8+ 28. Kf3 Rd3+ 29. Ke2 Rgd8 30. Qxc4 Rd2+ 31. Ke3 Rxb2 32. Qf7 Rbb8 33. Qf6+ Kg8 34. e6 Rf8 35. Qg5+ Kh8 36. Qe5+ Kg8 37. f5 Rb1 38. Kf3 Rb6 39. f6 1-0

[Event "20 ans"]
[Date "2016.10.27"]
[Round "1"]
[White "Andriasian, Zaven"]
[Black "Onischuk, Vladimir"]
[Result "0-1"]
[WhiteElo "2611"]
[BlackElo "2720"]
[ECO "B07"]
[WhiteFed "ARM"]
[BlackFed "UKR"]
[FCGameId "-10952182"]
[TimeControl "900+3"]

1. e4 d6 2. d4 Nf6 3. Nc3 g6 4. Be3 a6 5. f3 b5 6. Qd2 Nbd7 7. g4 Nb6 8. Bd3 h5 9. g5 Nfd7 10. a4 Nc4 11. Bxc4 bxc4 12. Qe2 Rb8 13. O-O-O Rb4 14. f4 c6 15. Nf3 Nb6 16. d5 c5 17. Na2 Rxa4 18. Nc3 Rb4 19. Na2 Rb5 20. Nc3 Bg7 21. Nxb5 axb5 22. f5 Na4 23. c3 Qa5 24. Qc2 b4 25. f6 exf6 26. cxb4 Qxb4 27. Bd2 Qb5 28. Bc3 Nxc3 29. Qxc3 O-O 30. gxf6 Bh6+ 31. Kb1 Bg4 32. Rhf1 Rb8 33. h3 Bxh3 34. Rf2 Bg4 35. Rg1 Qa4 36. Nd2 Rb3 37. Qxc4 Rb4 38. Qc3 Rd4 39. Re1 Bg5 40. Rc1 Bxd2 41. Rxd2  Rxe4 42. b3 Qe8 43. Kb2 Qe5 44. Ra1 Qxc3+ 45. Kxc3 Rf4 46. Ra8+ Kh7 47. Rd8 Rxf6 48. Kc4 h4 49. Kb5 h3 50. Kc6 Bf3 51. Rh2 Bg2 52. Rxd6 Rf3 53. Kxc5 g5 54. Rd8 g4 55. d6 g3 56. d7 Rd3 57. Kc4 Rd1 58. Rxg2 hxg2 {-error} 0-1

[Event "20 ans"]
[Date "2016.10.28"]
[Round "QF1.1"]
[White "Korobov, Anton"]
[Black "Hou, Yifan"]
[Result "0-1"]
[WhiteElo "2714"]
[BlackElo "2645"]
[ECO "E58"]
[WhiteFed "UKR"]
[BlackFed "CHN"]
[FCGameId "708775363"]
[TimeControl "900+3"]

1. d4 Nf6 2. c4 e6 3. Nc3 Bb4 4. e3 O-O 5. Bd3 d5 6. Nf3 c5 7. O-O Nc6 8. a3 Bxc3 9. bxc3 Qc7 10. Bb2 dxc4 11. Bxc4 e5 12. h3 Bf5 13. Qe2 Rad8 14. Bb5 e4 15. Nd2 Bg6 16. Nb3 Bh5 17. g4 Bg6 18. Nxc5 h5 19. f4 exf3 20. Qxf3 hxg4 21. hxg4 Rd5 22. Qf4 Qe7 23. c4 Rdd8 24. Rae1 Ne4 25. Nxe4 Bxe4 26. d5 a6 27. dxc6 Rd2 28. Bf6 Rg2+ 29. Kh1 gxf6 30. Rf3 Rf2 0-1

[Event "20 ans"]
[Date "2016.10.28"]
[Round "QF1.1"]
[White "Vachier-Lagrave, Maxime"]
[Black "Onischuk, Vladimir"]
[Result "1-0"]
[WhiteElo "2795"]
[BlackElo "2720"]
[ECO "E68"]
[WhiteFed "FRA"]
[BlackFed "UKR"]
[FCGameId "124720661"]
[TimeControl "900+3"]

1. Nf3 g6 2. g3 Bg7 3. Bg2 Nf6 4. c4 O-O 5. Nc3 d6 6. d4 Nbd7 7. O-O e5 8. e4 c6 9. Re1 b6 10. b3 Bb7 11. Bb2 a6 12. a4 Re8 13. d5 Rc8 14. dxc6 Rxc6 15. Nd2 Nc5 16. Nf1 Rc7 17. a5 bxa5 18. Rxa5 Ne6 19. Ne3 Nd4 20. Ra3 Qb8 21. Nc2 Ne6 22. Qxd6 Rd8 23. Qb6 Bf8 24. Nd5 Nd7 25. Qe3 Bxa3 26. Bxa3 Bxd5 27. exd5 Nd4 28. Nxd4 exd4 29. Qxd4 Re8 30. Rxe8+ Qxe8 31. h3 Rb7 32. Bb2 f6 33. c5 Rxb3 34. c6 Ne5 35. d6 Nxc6 36. Qc4+ 1-0

[Event "20 ans"]
[Date "2016.10.28"]
[Round "QF1.1"]
[White "Radjabov, Teimour"]
[Black "Moiseenko, Alexander"]
[Result "1-0"]
[WhiteElo "2788"]
[BlackElo "2651"]
[ECO "B30"]
[WhiteFed "AZE"]
[BlackFed "UKR"]
[FCGameId "-1977953579"]
[TimeControl "900+3"]

1. e4 c5 2. Nf3 Nc6 3. Nc3 e5 4. Bc4 Be7 5. d3 Nf6 6. Nd2 d6 7. Nf1 Bg4 8. f3 Be6 9. Ne3 O-O 10. O-O a6 11. a4 Nb4 12. Qe2 Re8 13. Bd2 Bf8 14. a5 d5 15. exd5 Nfxd5 16. Ncxd5 Nxd5 17. Nxd5 Bxd5 18. Bc3 g6 19. b3 Bg7 20. Rfe1 Qd7 21. Qf2 Rac8 22. Re2 Qd6 23. Rae1 Re6 24. Qh4 Rce8 25. Bd2 Bf6 26. Qf2 Bg7 27. Kh1 h5 28. Be3 Rc8 29. h3 Qc6 30. Qh4 Bf6 31. Qg3 Bg7 32. Qf2 Qd6 33. Bg5 Rce8 34. Qh4 Bxc4 35. Qxc4 Qc7 36. Bd2 Kh7 37. Bc3 Qc6 38. Re4 Qd6 39. Bd2 Qc6 40. R4e2 Qd6 41. Be3 Bf8 42. Qh4 Qc7 43. Bd2 Kg8 44. Re4 Bg7 45. g4 hxg4 46. hxg4 f5 47. R4e2 Kf7 48. gxf5 gxf5 49. Rg1 Qc6 50. Qh5+ Kg8 51. Reg2 R8e7 52. Qxf5 Rf6 53. Qh5 Qxf3 54. Qxf3 Rxf3 55. Bg5 Ref7 56. Rh2 Rf1 57. Be3 Rxg1+ 58. Kxg1 e4 59. dxe4 Re7 60. Bxc5 Rxe4 61. Rd2 Bc3 62. Rd8+ Kf7 63. Rd7+ Ke6 64. Rxb7 Bxa5 65. c4 Re1+ 66. Kf2 Rb1 67. b4 Bd8 68. Ra7 a5 69. Ra6+ Kf5 70. Ra8 Bh4+ 71. Ke2 axb4 72. Kd3 b3 73. Rb8 Bf6 74. Rb5 Ke6 75. Ba3 b2 76. Bxb2 Rxb2 77. Rxb2 Bxb2 78. c5 Kd5 79. c6 Kxc6 1-0

[Event "20 ans"]
[Date "2016.10.28"]
[Round "QF2"]
[White "Hou, Yifan"]
[Black "Korobov, Anton"]
[Result "0-1"]
[WhiteElo "2645"]
[BlackElo "2714"]
[ECO "B31"]
[WhiteFed "CHN"]
[BlackFed "UKR"]
[FCGameId "2084369348"]
[TimeControl "900+3"]

1. e4 c5 2. Nf3 Nc6 3. Bb5 g6 4. Bxc6 bxc6 5. O-O Bg7 6. Re1 Nh6 7. c3 O-O 8. h3 f5 9. e5 Nf7 10. d3 Rb8 11. Na3 Ba6 12. c4 d6 13. Qa4 Bc8 14. exd6 exd6 15. Rb1 g5 16. Nh2 Ne5 17. Qd1 g4 18. f4 Ng6 19. Nc2 Qh4 20. Nf1 gxh3 21. g3 Qg4 22. Kh2 Bd4 23. Nfe3 Qxd1 24. Nxd1 Bd7 25. Be3 Bg7 26. Kxh3 Rfe8 27. Nc3 Kf7 28. Bd2 Rh8 29. Ne3 h5 30. Rf1 h4 31. g4 fxg4+ 32. Nxg4 Bf5 33. Ne4 Ke6 34. Rbe1 Kd7 35. Bc3 Rhg8 36. Bxg7 Rxg7 37. Nf6+ Kc8 38. Re8+ Kb7 39. Rxb8+ Kxb8 40. Rf3 a5 41. Ne8 Rg8 42. Nf6 Rf8 43. Nh5 Bc8 44. b3 a4 45. bxa4 Ka7 46. Ng7 Ne5 47. fxe5 Rxf3+ 48. Kxh4 Rf7 49. Nh5 Bxg4 50. Kxg4 dxe5 51. Ng3 Rf4+ 52. Kg5 Rf3 53. Ne4 Rxd3 54. Kf5 Rd4 55. Nxc5 Rxc4 56. Ne4 Rxa4 57. Kxe5 Rxa2 58. Kd4 0-1

[Event "20 ans"]
[Date "2016.10.28"]
[Round "QF2"]
[White "Gharamian, Tigran"]
[Black "Anand, Viswanathan"]
[Result "1/2-1/2"]
[WhiteElo "2638"]
[BlackElo "2802"]
[ECO "C65"]
[WhiteFed "FRA"]
[BlackFed "IND"]
[FCGameId "1690729477"]
[TimeControl "900+3"]

1. e4 e5 2. Nf3 Nc6 3. Bb5 Nf6 4. d3 Bc5 5. Bxc6 dxc6 6. Qe2 Bd6 7. Nbd2 Be6 8. b3 Nd7 9. Bb2 c5 10. Nc4 f6 11. Nh4 g6 12. O-O Qe7 13. Nxd6+ cxd6 14. f4 O-O-O 15. fxe5 fxe5 16. Nf3 g5 17. Bc1 Rhg8 18. Be3 g4 19. Nd2 g3 20. h3 Rdf8 21. Rf3 Rxf3 22. Qxf3 Qh4 23. Rf1 Kc7 24. Qe2 Nb8 25. c3 Nc6 26. Nf3 Qh5 27. b4 cxb4 28. cxb4 Nxb4 29. Bxa7 Nc6 30. Be3 Ra8 31. Rb1 Rxa2 32. Qd1 Kc8 33. Ra1 Rxa1 34. Qxa1 Bxh3 35. Qa8+ Kc7 36. Qg8 Bd7 37. Qxg3 b5 38. Qe1 Bg4 39. Nd2 Bd1 40. Qg3 Qg4 41. Qf2 Qe6 42. Qh4 h5 43. Qg5 Bc2 44. Bf2 Qg4 45. Qh6 h4 46. Qh7+ Qd7 47. Qxh4 Bxd3 48. Qg3 Bc4 49. Qc3 Qe6 50. Nf3 Qg4 51. Qe3 Nd4 52. Nxd4 Qd1+ 53. Kh2 Qxd4 54. Qe1 Qd3 55. Qa5+ Kd7 56. Qa7+ 1/2-1/2

[Event "20 ans"]
[Date "2016.10.28"]
[Round "QF2"]
[White "Onischuk, Vladimir"]
[Black "Vachier-Lagrave, Maxime"]
[Result "0-1"]
[WhiteElo "2720"]
[BlackElo "2795"]
[ECO "B92"]
[WhiteFed "UKR"]
[BlackFed "FRA"]
[FCGameId "-606582442"]
[TimeControl "900+3"]

1. e4 c5 2. Nf3 d6 3. d4 cxd4 4. Nxd4 Nf6 5. Nc3 a6 6. Be2 e5 7. Nb3 Be7 8. Bg5 Be6 9. Bxf6 Bxf6 10. Qd3 Be7 11. Nd5 Nd7 12. Rd1 Bxd5 13. Qxd5 Qc7 14. c3 Nf6 15. Qd3 O-O 16. Nd2 Rfd8 17. Bf3 b5 18. O-O g6 19. Ra1 Nd7 20. Rfd1 Nb6 21. g3 d5 22. exd5 f5 23. h4 e4 24. Nxe4 fxe4 25. Bxe4 Nc4 26. Bxg6 Bc5 27. d6 Rxd6 28. Qf3 Rf8 29. Bf5 Kh8 30. b4 Rdf6 31. Rd5 Ne5 32. Qe2 Bxf2+ 33. Qxf2 Rxf5 34. Qc5 Qg7 0-1

[Event "20 ans"]
[Date "2016.10.28"]
[Round "QF2"]
[White "Moiseenko, Alexander"]
[Black "Radjabov, Teimour"]
[Result "1/2-1/2"]
[WhiteElo "2651"]
[BlackElo "2788"]
[ECO "D37"]
[WhiteFed "UKR"]
[BlackFed "AZE"]
[FCGameId "-1692222762"]
[TimeControl "900+3"]

1. d4 Nf6 2. c4 e6 3. Nf3 d5 4. Nc3 Be7 5. Bf4 O-O 6. e3 Nbd7 7. c5 Nh5 8. Bd3 Nxf4 9. exf4 c6 10. O-O b6 11. b4 a5 12. a3 Qc7 13. g3 Ba6 14. Re1 Bxd3 15. Qxd3 Bf6 16. Nd2 Rfb8 17. Reb1 g6 18. Kg2 Ra7 19. h4 Rba8 20. Nb3 axb4 21. axb4 Rxa1 22. Nxa1 bxc5 23. bxc5 Nxc5 24. dxc5 Qa5 25. Nxd5 exd5 26. Nb3 Qb4 27. h5 Kg7 28. Qe3 gxh5 29. Nd2 Qc3 30. Qe2 Qc2 31. Rb7 Rf8 32. Qe3 d4 33. Qe1 Qxc5 34. Qe6 Qd5+ 35. Qxd5 cxd5 36. Rb5 Rd8 37. Nb3 d3 38. Kf3 h4 39. gxh4 Bxh4 40. Ke3 Re8+ 41. Kxd3 Bxf2 42. Rxd5 Re3+ 43. Kc2 Rf3 44. Rg5+ Kf6 45. Rh5 Kg6 46. Rg5+ Kh6 47. Rf5 Kg7 48. Rg5+ Kf6 49. Rh5 Rxf4 50. Rxh7 Kg6 51. Rh8 Be3 52. Kd3 Bb6 53. Nd2 Rd4+ 54. Ke2 Ra4 55. Rc8 f6 56. Rc6 Ba7 57. Rc2 Kf5 58. Nf3 Kf4 59. Ne1 Re4+ 60. Kf1 f5 61. Nd3+ Ke3 62. Ne1 Kf4 63. Rc7 Bb6 64. Ng2+ Kf3 65. Rc3+ Kg4 66. Rb3 Bc5 67. Rc3 Bd4 68. Rd3 Bc5 69. Rc3 Bd4 70. Rd3 f4 71. Ne1 Bc5 72. Rd8 f3 73. Rg8+ Kf4 74. Nd3+ Ke3 75. Nxc5 Rc4 76. Re8+ Kf4 77. Nd3+ Kg3 78. Rg8+ Rg4 79. Rf8 Ra4 80. Ne1 Ra3 81. Rf7 Rc3 82. Rf6 Ra3 83. Rg6+ Kf4 84. Rg8 Rc3 85. Kf2 Ra3 86. Rf8+ Ke5 87. Nxf3+ Ke6 88. Kg3 Kd5 89. Rf5+ Ke6 90. Re5+ Kd6 91. Rh5 Ke6 92. Kf4 Ra4+ 93. Ke3 Kf6 94. Nd4 Kg6 95. Re5 Ra1 96. Kf4 Rf1+ 97. Nf3 Kf6 98. Re2 Ra1 99. Re4 Rf1 100. Ra4 Ke6 101. Ke4 Kd6 102. Ra6+ Kc5 103. Ra8 Kd6 104. Rd8+ Ke7 105. Rd5 Ra1 106. Kf5 Rf1 107. Rd3 Rf2 108. Ke4 Re2+ 109. Kf4 Rf2 110. Ra3 Kf6 111. Ra6+ Ke7 112. Ke4 Re2+ 113. Kd5 Rf2 114. Nd4 Rd2 115. Ke5 Kf7 116. Rf6+ Ke7 117. Rd6 Rf2 118. Rd5 Kf7 119. Rd6 Ke7 120. Ra6 Kf7 121. Ne6 Re2+ 122. Kf5 Rf2+ 123. Nf4 Rf1 124. Ra7+ Ke8 125. Ke6 Re1+ 126. Kd6 Rd1+ 127. Nd5 Kf8 128. Rb7 Kg8 129. Ke6 Re1+ 130. Kf5 Rf1+ 131. Nf4 Kf8 132. Ke5 Ke8 133. Ke6 Re1+ 134. Kd6 Rd1+ 135. Nd5 Kf8 136. Rd7 Re1 137. Rb7 Rd1 138. Ra7 Kg8 139. Rb7 Kf8 140. Rc7 Kg8 141. Ke5 Re1+ 142. Kf5 Rf1+ 143. Kg5 Rg1+ 144. Kf5 Rf1+ 145. Ke6 Re1+ 146. Kd6 Rd1 147. Rd7 Kf8 148. Kc7 Rc1+ 149. Kd8 Rd1 150. Rd6 Kf7 151. Kd7 Rd2 152. Kc6 Rc2+ 153. Kd7 Rd2 154. Rf6+ Kg7 155. Rf5 Rd1 156. Re5 Kf7 157. Kd6 Rd2 158. Rf5+ Kg6 159. Rf1 Kg7 160. Ke6 Re2+ 161. Kf5 Ra2 162. Rc1 Rf2+ 163. Nf4 Kf7 164. Rc7+ Kf8 165. Ke5 Ke8 166. Ke6 Kd8 167. Rd7+ Kc8 168. Nd5 Kb8 169. Kd6 Rd2 170. Rh7 Rd1 171. Rg7 Rd2 172. Rg1 Kb7 173. Rb1+ Kc8 174. Rb5 Rd1 175. Rb2 Rd4 176. Kc6 Rc4+ 177. Kd6 Rd4 178. Rc2+ Kb7 179. Rc7+ Kb8 180. Rd7 Rd1 181. Kc5 Rc1+ 182. Kb5 Rb1+ 1/2-1/2

[Event "20 ans"]
[Date "2016.10.28"]
[Round "QFtb1"]
[White "Hou, Yifan"]
[Black "Korobov, Anton"]
[Result "0-1"]
[WhiteElo "2645"]
[BlackElo "2714"]
[ECO "C11"]
[WhiteFed "CHN"]
[BlackFed "UKR"]
[FCGameId "1573835171"]
[TimeControl "900+3"]

1. e4 e6 2. d4 d5 3. Nc3 Nf6 4. e5 Nfd7 5. f4 c5 6. Nf3 Nc6 7. Be3 Be7 8. Qd2 a6 9. g3 O-O 10. Bh3 f5 11. exf6 Nxf6 12. dxc5 Kh8 13. O-O-O Qa5 14. Kb1 Bxc5 15. Bxc5 Qxc5 16. Rhe1 Re8 17. g4 Rf8 18. Ng5 Qd6 19. f5 exf5 20. gxf5 d4 21. Nf3 Bd7 22. Nxd4 Nxd4 23. Qxd4 Qxh2 24. Rh1 Qc7 25. a3 Rad8 26. Qh4 Bc6 27. Rhg1 Rxd1+ 28. Rxd1 Qh2 29. Rd3 Re8 30. Qg5 h6 31. Qg6 Re1+ 32. Ka2 Be8 33. Qg3 Bf7+ 0-1

[Event "20 ans"]
[Date "2016.10.28"]
[Round "QFtb1"]
[White "Moiseenko, Alexander"]
[Black "Radjabov, Teimour"]
[Result "0-1"]
[WhiteElo "2651"]
[BlackElo "2788"]
[ECO "D37"]
[WhiteFed "UKR"]
[BlackFed "AZE"]
[FCGameId "-338913065"]
[TimeControl "900+3"]

1. d4 Nf6 2. c4 e6 3. Nf3 d5 4. Nc3 Be7 5. Bf4 O-O 6. a3 c6 7. e3 Nbd7 8. h3 b6 9. Bd3 Bb7 10. O-O c5 11. Qe2 cxd4 12. exd4 Rc8 13. Rad1 dxc4 14. Bxc4 Bxf3 15. gxf3 Nh5 16. Bh2 Bg5 17. Ba6 Bf4 18. Bxc8 Bxh2+ 19. Kxh2 Nf4 20. Bxd7 Qh4 21. Bxe6 fxe6 0-1